 Dungeon Crawl Stone Soup version 0.28-a0-1184-g53156a8862 (webtiles) character file.

Game seed: 2284294777462692156

28 ytrimaz the Insei (level 3, -1/23 HPs)
             Began as an Octopode Transmuter on Dec 18, 2021.
             Succumbed to an adder's poison
             ... on level 2 of the Dungeon.
             The game lasted 00:01:05 (1667 turns).

ytrimaz the Insei (Octopode Transmuter)             Turns: 1667, Time: 00:01:05

Health: -1/23      AC:  1    Str:  9    XL:     3   Next: 14%
Magic:  5/6        EV: 13    Int: 17    God:
Gold:   77         SH:  0    Dex: 12    Spells: 0/6 levels left

rFire   . . .      SeeInvis .     - Unarmed
rCold   . . .      Faith    .   (no shield)
rNeg    . . .      Spirit   .   (helmet currently unavailable)
rPois   .          Reflect  .   (no amulet)
rElec   .          Harm     .   (no ring)
rCorr   .          Rampage  .   (no ring)
Will    .....                   (no ring)
Stlth   ++........              (no ring)
HPRegen 0.07/turn               (no ring)
MPRegen 0.10/turn               (no ring)
                                (no ring)
                                (no ring)

@: lethally poisoned (-1 -> -14), appendages (expiring), attractive
A: tentacle spike 3, almost no armour, amphibious, 8 rings, camouflage 1,
gelatinous body 1, (nimble swimmer 1), tentacles
a: End Transformation


You were on level 2 of the Dungeon.
One of your tentacles had grown a beastly spike.
You visited 1 branch of the dungeon, and saw 2 of its levels.

You collected 77 gold pieces.

Inventory:

Potions
 b - a potion of attraction
 c - a potion of ambrosia {unknown}


   Skills:
 * Level 1.2 Fighting
 * Level 2.2 Dodging
 + Level 3.3 Unarmed Combat
 * Level 2.3 Spellcasting
 * Level 2.3 Transmutations


You couldn't memorise any spells.
You knew the following spells:

 Your Spells              Type           Power      Damage    Failure   Level
a - Beastly Appendage     Tmut           18%        N/A       7%          1
b - Wereblood             Tmut           9%         N/A       11%         2
c - Spider Form           Tmut/Pois      5%         N/A       34%         3

Your spell library contained the following spells:

 Spells                   Type           Power      Damage    Failure   Level
 Dazzling Flash           Conj/Hex       2%         N/A       50%         3
 Ice Form                 Ice/Tmut       5%         N/A       75%         4
 Agony                    Necr           1%         N/A       99%         5
 Silence                  Hex/Air        0%         N/A       99%         5


Dungeon Overview and Level Annotations

Branches:
Dungeon (2/15)

Altars:
Elyvilon


Innate Abilities, Weirdness & Mutations

One of your tentacles has grown a beastly spike.
You cannot wear most types of armour.
You are amphibious.
You can wear up to eight rings at the same time.
Your skin changes colour to match your surroundings (Stealth+).
Your rubbery body absorbs attacks. (AC +1, EV +1)
((You are camouflaged near water. (Stealth+)))
You have tentacles for arms and can constrict up to eight enemies at once.


Message History

You howl as the wereblood boils in your veins!
Your primal bloodlust is almost over.
Your primal bloodlust has ended.
Magic restored.
HP restored.
You see here a bat corpse.
Found a white marble altar of Elyvilon.
An adder comes into view.
The adder hisses angrily.
An adder is nearby!
An adder is nearby!
One of your tentacles grows a vicious spike.
You closely miss the adder. You grab the adder. Your squeeze misses the adder.
You constrict the adder. The adder bites you.
You are poisoned.
The adder poisons you!
You completely miss the adder.
The adder is lightly wounded.
You constrict the adder, but do no damage.
You feel sick. The adder bites you.
You are more poisoned.
The adder poisons you!
You tentacle-slap the adder but do no damage.
Your squeeze misses the adder.
The adder is lightly wounded.
You constrict the adder.
You feel sick. The adder bites you.
You are lethally poisoned!
The adder poisons you! The adder bites you.
You tentacle-slap the adder but do no damage.
The adder is moderately wounded.
Your transformation is almost over.
You constrict the adder.
* * * LOW HITPOINT WARNING * * *
You feel very sick. The adder bites you.
* * * LOW HITPOINT WARNING * * *
It was a potion of attraction.
You feel attractive to monsters.
You constrict the adder.
You die...

.... .... ## ...
#..##.. .......
.#..... ########
...._..######......#
.......@...........#
......S######......#
......# ###.####
...... #.# ..... #.#
..... #.# .... ##.#
.... #..# ###.##


You could see an adder.

Vanquished Creatures
  An endoplasm (D:1)
  A giant cockroach (D:1)
  2 goblins (D:1)
  4 hobgoblins
  8 jackals (D:1)
  A kobold (D:2)
  A quokka (D:1)
  2 bats
  A frilled lizard (D:1)
21 creatures vanquished.

Vanquished Creatures (collateral kills)
  A quokka (D:1)
1 creature vanquished.

Grand Total: 22 creatures vanquished

Notes
Turn   | Place    | Note
-------+----------+-------------------------------------------
     0 | D:1      | ytrimaz the Octopode Transmuter began the quest for the
                  | Orb.
     0 | D:1      | Reached XP level 1. HP: 13/13 MP: 3/3
    99 | D:1      | Found a faded altar of an unknown god.
   381 | D:1      | Reached XP level 2. HP: 3/18 MP: 3/5
   384 | D:1      | Learned a level 2 spell: Wereblood
  1331 | D:1      | Reached XP level 3. HP: 19/23 MP: 6/6
  1339 | D:1      | Learned a level 3 spell: Spider Form
  1657 | D:2      | Found a white marble altar of Elyvilon.
  1667 | D:2      | Succumbed to an adder's poison

Illustrated notes

Levels and vault maps discovered:
D:1:      lightli_arrival_statue_moat, layout_basic,
          ebering_ecumenical_altar_webs, serial_park_tiny_2
D:2:      layout_rooms, basic_altar, uniq_natasha, uniq_jessica,
          uniq_crazy_yiuf_cottage, uniq_sigmund

Action                   || total
-------------------------++-------
Melee: Unarmed           ||    65
       Constrict         ||    19
       Tentacles         ||    15
       Kick              ||    12
       Punch             ||     2
 Cast: Beastly Appendage ||    12
       Wereblood         ||     2
  Use: Scroll            ||     2
       Potion            ||     1
Armor: Skin              ||     8
Dodge: Dodged            ||    54

Table legend: (Time is in decaauts)
 A = Elapsed time spent in this place.
 B = Non-inter-level travel time spent in this place.
 C = Inter-level travel time spent in this place.
 D = Time resting spent in this place.
 E = Time spent auto-exploring this place.
 F = Levels seen in this place.
 G = Mean time per level.
                   A        B        C        D        E       F      G
               +--------+--------+--------+--------+--------+-----+--------+
         Total |   1662 |   1594 |     68 |      0 |   1415 |   2 |  831.0 |
       Dungeon |   1662 |   1594 |     68 |      0 |   1415 |   2 |  831.0 |
               +--------+--------+--------+--------+--------+-----+--------+

Top non-repeatable levels by time:
     D:1: 1584 daAuts
     D:2: 78 daAuts
